 Dungeon Crawl Stone Soup version 0.23.2-1-ga50397a (webtiles) character file.

Game seed: 5709247214861640951

124 troglodite the Sneak (level 5, -2/35 HPs)
             Began as an Octopode Assassin on May 13, 2019.
             Splashed by a jelly's acid (7 damage)
             ... on level 2 of the Dungeon.
             The game lasted 00:03:21 (1378 turns).

troglodite the Sneak (Octopode Assassin)            Turns: 1378, Time: 00:03:21

Health: -2/35      AC:  1    Str: 10    XL:     5   Next: 8%
Magic:  6/6        EV: 13    Int: 13    God:
Gold:   83         SH:  0    Dex: 15    Spells: 6/6 levels left

rFire    + . .     SeeInvis .   r - +2 short sword (venom)
rCold    . . .     Gourm    .   (no shield)
rNeg     . . .     Faith    .   (helmet restricted)
rPois    .         Spirit   .   (no amulet)
rElec    .         Reflect  .   g - ring of protection from fire
rCorr    .         Harm     .   m - ring of stealth
MR       .....                  (no ring)
Stlth    ++++++....             (no ring)
HPRegen  0.11/turn              (no ring)
MPRegen  0.10/turn              (no ring)
                                (no ring)
                                (no ring)

@: no status effects
A: almost no armour, stealthy swim, amphibious, 8 rings, constrict 8, camouflage
1, gelatinous body 1
a: no special abilities


You were on level 2 of the Dungeon.
You were not hungry.

You visited 1 branch of the dungeon, and saw 2 of its levels.

You collected 83 gold pieces.

Inventory:

Hand Weapons
 a - a +2 dagger
 b - a +0 blowgun
 r - a +2 short sword of venom (weapon)
Missiles
 c - 8 poisoned needles
 d - 2 curare-tipped needles
Jewellery
 g - a ring of protection from fire (left tentacle)
 m - a ring of stealth (right tentacle)
Scrolls
 e - 3 scrolls of teleportation {unknown}
 i - a scroll of fog {unknown}
 l - a scroll of immolation {unknown}
 o - a scroll of amnesia {unknown}
 p - a scroll of identify {unknown}
 q - a scroll of remove curse {unknown}
Potions
 h - a potion of mutation {unknown}
 k - a potion of flight {unknown}
 n - 2 potions of heal wounds {unknown}
Comestibles
 f - 7 rations
 j - 2 chunks of flesh


   Skills:
 * Level 2.4 Fighting
 + Level 2.4 Short Blades
 + Level 2.1 Throwing
 * Level 2.0 Dodging
 * Level 7.2 Stealth
 * Level 1.0 Spellcasting


You had 6 spell levels left.
You didn't know any spells.
Your spell library was empty.

Dungeon Overview and Level Annotations

Branches:
Dungeon (2/15)

Altars:


Innate Abilities, Weirdness & Mutations

You cannot wear most types of armour.
You are very stealthy in the water. (Stealth+)
You are amphibious.
You can wear up to eight rings at the same time.
You can use your tentacles to constrict eight enemies at once.
Your skin changes colour to match your surroundings (Stealth+).
Your rubbery body absorbs attacks. (AC +1, EV +1)


Message History

The jelly is moderately wounded.
The jelly hits you.
You are splashed with acid!
You hit the jelly.
Your tentacles burn!
* * * LOW HITPOINT WARNING * * *
The jelly is heavily wounded.
The jelly closely misses you.
You hit the jelly.
Your tentacles burn!
* * * LOW HITPOINT WARNING * * *
The jelly is almost dead.
The jelly misses you.
You hit the jelly.
You kill the jelly!
Your Dodging skill increases to level 2!
Your Spellcasting skill increases to level 1!
You have reached level 5!
You feel agile.
You completely miss the jelly. The jelly hits you.
* * * LOW HITPOINT WARNING * * *
You are splashed with acid!
You die...

.##.##.# ############......#
....#### #..÷.÷.J÷?##.#.##.#
#.#.######....J...÷##.#.##.#
........##....JP..J##.#.##.#
#.#...#.##...P...PJ##......#
........##...P..÷J.##.#.#..###
........##.P......÷##.#.#..#..
..#.....###'#########......#.#
.)......# ##..)J@.###>.....#.#
..#<#...# ########.##......#.#
........# #....'..#####......#
..#.##.####....#### #.......#
.........##.......#
#.#.#######.
..#.#..#.##.).....#
#.#.........
..#<#....##.......#
#.#########.
.........##.......#
#.#########.
....#..#.###.....##
#...........


You could see a jelly.

Vanquished Creatures
  A jelly (D:2)
  2 adders (D:2)
  6 oozes
  2 dart slugs (D:1)
  A leopard gecko (D:2)
  4 giant cockroaches
  6 goblins
  5 hobgoblins
  3 bats
  3 frilled lizards (D:1)
  12 kobolds
  4 rats
49 creatures vanquished.

Vanquished Creatures (others)
  11 toadstools (D:2)
11 creatures vanquished.

Grand Total: 60 creatures vanquished

Notes
Turn   | Place    | Note
-------+----------+-------------------------------------------
     0 | D:1      | troglodite the Octopode Assassin began the quest for the
                  | Orb.
     0 | D:1      | Reached XP level 1. HP: 14/14 MP: 1/1
   471 | D:1      | Reached XP level 2. HP: 18/19 MP: 2/2
   746 | D:1      | Reached skill level 6 in Stealth
   746 | D:1      | Reached XP level 3. HP: 24/24 MP: 3/3
  1233 | D:2      | Reached XP level 4. HP: 29/29 MP: 3/5
  1373 | D:2      | Reached skill level 7 in Stealth
  1377 | D:2      | Reached skill level 1 in Spellcasting
  1377 | D:2      | Reached XP level 5. HP: 6/35 MP: 6/6
  1378 | D:2      | Splashed by a jelly's acid

Skill      XL: |  1  2  3  4 |
---------------+-------------+-----
Stealth        | 6 7 |  7.2
Dodging        | 2 |  2.0
Spellcasting   | 1 |  1.0
Fighting       | |  2.4
Short Blades   | |  2.4
Throwing       | |  2.1

Action                   |  1- 3 |  4- 6 || total
-------------------------+-------+-------++-------
Melee: Dagger            |    56 |    14 ||    70
       Constrict         |    11 |     4 ||    15
       Tentacles         |     5 |     5 ||    10
       Short sword       |       |    14 ||    14
 Stab: Sleeping          |    14 |     4 ||    18
       Distracted        |     1 |       ||     1
  Eat: Chunk             |     1 |       ||     1
Armor: Skin              |     4 |     1 ||     5
Dodge: Dodged            |    18 |    11 ||    29
